 Dungeon Crawl Stone Soup version 0.28.0 (webtiles) character file.

Game seed: 5254881429870974023

2458 vykuza the Protected (level 9, -10/121 HPs)
             Began as a Minotaur Fighter on Feb 9, 2022.
             Was a Follower of Qazlal.
             Frozen to death by Ozzieoiler's ghost (12 damage)
             ... on level 6 of the Dungeon.
             The game lasted 00:16:21 (6393 turns).

vykuza the Protected (Minotaur Fighter)             Turns: 6393, Time: 00:16:22

Health: -10/121    AC: 24    Str: 24    XL:     9   Next: 26%
Magic:  8/8        EV:  2    Int:  5    God:    Qazlal [*.....]
Gold:   129        SH:  7    Dex: 11    Spells: 8/8 levels left

rFire   + . .      SeeInvis .   a - +0 war axe (vorpal)
rCold   x . .      Faith    .   c - +0 buckler
rNeg    . . .      Spirit   .   (armour currently unavailable)
rPois   +          Reflect  .   (helmet currently unavailable)
rElec   .          Harm     .   (cloak currently unavailable)
rCorr   .          Rampage  .   (gloves currently unavailable)
Will    .....      NoTele   +   (boots currently unavailable)
Stlth   +.........              (no amulet)
HPRegen 0.30/turn               A - ring of poison resistance
MPRegen 0.11/turn               e - ring of fire

@: lethally poisoned (-10 -> -16), tree-form, studying Armour
A: stationary, stasis, torment immunity, boosted hp, (horns 2), (retaliatory
headbutt)
a: Renounce Religion


You were on level 6 of the Dungeon.
You worshipped Qazlal.
Qazlal was aware of your devotion.
You were a tree.
You visited 2 branches of the dungeon, and saw 7 of its levels.
You visited the Abyss 1 time.
You also visited: Sewer.

You collected 301 gold pieces.
You spent 172 gold pieces at shops.

Inventory:

Hand Weapons
 a - a +0 vorpal war axe (weapon)
Missiles
 m - a throwing net (quivered)
 t - 2 poisoned darts
Armour
 c - a +0 buckler (worn)
 d - a +1 cloak (melded)
 h - a +0 pair of gloves (melded)
 r - a +3 chain mail of cold resistance
 B - the +5 chain mail of Discretion (melded) {rPois Will+}
   (You took it off an orc warrior on level 6 of the Dungeon)

   rPois:     It protects you from poison.
   Will:      It increases your willpower.
Jewellery
 e - a ring of fire (right branch)
 A - a ring of poison resistance (left branch)
Wands
 i - a wand of iceblast (19)
 n - a wand of charming (4)
 q - a wand of mindburst (23)
 x - a wand of acid (7)
Scrolls
 b - 3 scrolls of identify
 g - a scroll of blinking
 j - a scroll of brand weapon
 o - 3 scrolls of teleportation
Potions
 l - a potion of ambrosia
 p - a potion of invisibility
 s - 2 potions of curing
 u - a potion of heal wounds {unknown}
 v - 3 potions of brilliance {unknown}
 w - a potion of attraction {unknown}


   Skills:
 + Level 7.9 Fighting
 + Level 7.3 Axes
 * Level 12.8 Armour
 + Level 7.9 Shields


You had 8 spell levels left.
You didn't know any spells.
Your spell library contained the following spells:

 Spells                   Type           Power      Damage    Failure   Level
 Beastly Appendage        Tmut           0%         N/A       54%         1
 Summon Small Mammal      Summ           0%         N/A       54%         1
 Sublimation of Blood     Necr           0%         N/A       69%         2
 Wereblood                Tmut           0%         N/A       69%         2
 Call Canine Familiar     Summ           0%         N/A       89%         3
 Spider Form              Tmut/Pois      0%         N/A       89%         3
 Summon Guardian Golem    Hex/Summ       0%         N/A       89%         3
 Orb of Destruction       Conj           0%         9d5       100%        7
 Spellforged Servitor     Conj/Summ      0%         N/A       100%        7
 Summon Hydra             Summ           0%         N/A       100%        7


Dungeon Overview and Level Annotations

Branches:
Dungeon (6/15)             Temple (1/1) D:5           Sewer (visited)

Altars:
Dithmenos
Gozag
Hepliaklqana
Makhleb
Qazlal
Sif Muna
Trog
Wu Jian
Xom
Yredelemnul
The Shining One
Beogh

Shops:
D:5 [*!?

Annotations:
D:6 Ozzieoiler's ghost, novice DgIE


Innate Abilities, Weirdness & Mutations

You are a tree.
Your roots penetrate the ground, keeping you stationary.
You cannot be teleported.
You are immune to unholy pain and torment.
Your maximum health is greatly increased.
Your equipment is partially melded.
((You have a pair of horns on your head.))
((You reflexively headbutt those who attack you in melee.))


Message History

Ozzieoiler's ghost is severely damaged.
Ozzieoiler's ghost hits you but does no damage.
You are poisoned.
Really quaff the potion of lignification? [Y]es or [N]o only, please.
Really quaff the potion of lignification? [Y]es or [N]o only, please.
Really quaff the potion of lignification? [Y]es or [N]o only, please.
Really quaff the potion of lignification? [Y]es or [N]o only, please.
Really quaff the potion of lignification?
You turn into a tree.
Your +1 cloak melds into your body.
Your +0 pair of gloves melds into your body.
The +5 chain mail of Discretion {rPois Will+} melds into your body.
Your roots penetrate the ground.
You feel very sick. Ozzieoiler's ghost freezes you.
You are frozen!
You feel a terrible chill!
* * * LOW HITPOINT WARNING * * *
You hit Ozzieoiler's ghost.
Ozzieoiler's ghost is almost destroyed.
* * * LOW HITPOINT WARNING * * *
You feel sick.
Ozzieoiler's ghost points at you and mumbles some strange words.
You fall asleep.
You feel sick.
You wake up.
Ozzieoiler's ghost hits you but does no damage.
You barely miss Ozzieoiler's ghost.
Ozzieoiler's ghost is almost destroyed.
You feel sick.
Ozzieoiler's ghost hits you but does no damage.
You are lethally poisoned!
You miss Ozzieoiler's ghost.
Ozzieoiler's ghost is almost destroyed.
* * * LOW HITPOINT WARNING * * *
You feel very sick. Ozzieoiler's ghost freezes you.
You are frozen!
You feel a terrible chill!
You die...

........#..##..#..#
.......[#..8#..#..#
........#..##..#..#
..).....#....#.#..#
.......##....#.'..##
#.....##*_.8.#.'...#
####### *[...#.'...#
###*)...#.#W).#
#.#*..##..#♣).#
######.#*..8#..#.○.#
.......##..##..#...#
###.....#8.....#...#
###.(...########8..#
#............####..#
..##...........[..##
.###.........######
.............#


You could see Ozzieoiler's ghost.

Vanquished Creatures
  Grinder (D:5)
  A steam dragon (D:6)
  An acid dragon (D:6)
  Pargi (Sewer)
  An ice beast (D:6)
  2 orc warriors (D:6)
  3 black bears
  6 ogres
  A phantom (D:5)
  A kobold brigand (D:5)
  A water moccasin skeleton (D:5)
  A centaur zombie (D:5)
  A bullfrog zombie (D:5)
  2 bullfrog skeletons
  A quasit (Abyss:1)
  4 hounds
  A centaur skeleton (D:5)
  Crazy Yiuf (D:2)
  An orc priest (D:6)
  An iguana (D:4)
  Ijyb (D:5)
  2 hound skeletons
  Robin (D:4)
  3 gnolls
  13 adders
  3 white imps (D:6)
  An ufetubus (D:5)
  An adder skeleton (D:5)
  A worm (D:5)
  2 dart slugs
  12 orcs
  7 bats
  4 endoplasms
  5 giant cockroaches
  13 goblins
  11 hobgoblins
  4 jackals (D:1)
  8 kobolds
  5 quokkas
  6 ball pythons
  6 frilled lizards
  4 rats
145 creatures vanquished.

Vanquished Creatures (others)
  A plant (D:5)
1 creature vanquished.

Grand Total: 146 creatures vanquished

Notes
Turn   | Place    | Note
-------+----------+-------------------------------------------
     0 | D:1      | vykuza the Minotaur Fighter began the quest for the Orb.
     0 | D:1      | Reached XP level 1. HP: 19/19 MP: 0/0
   378 | D:1      | Reached XP level 2. HP: 27/27 MP: 1/1
   451 | D:1      | Found a faded altar of an unknown god.
   518 | D:1      | Reached skill level 4 in Armour
   840 | D:1      | Reached XP level 3. HP: 33/33 MP: 2/2
  1813 | D:1      | Reached XP level 4. HP: 15/41 MP: 3/3
  2217 | D:2      | Reached skill level 5 in Armour
  2253 | D:2      | Found a runed translucent door.
  2254 | D:2      | Noticed Crazy Yiuf
  2439 | D:2      | Cast into level 1 of the Abyss (Crazy Yiuf)
  2455 | Abyss:1  | Noticed a large abomination
  2467 | Abyss:1  | Found a corrupted altar of Lugonu.
  2511 | D:2      | Escaped the Abyss
  2516 | D:2      | Killed Crazy Yiuf
  2516 | D:2      | HP: 1/41 [poisoned by Crazy Yiuf]
  2804 | D:3      | Reached XP level 5. HP: 47/47 MP: 4/4
  2888 | D:3      | Found a glowing drain.
  2902 | Sewer    | Entered a sewer
  2927 | Sewer    | Noticed Pargi
  2932 | Sewer    | Killed Pargi
  2933 | Sewer    | Reached skill level 5 in Fighting
  2933 | Sewer    | Reached skill level 6 in Armour
  2933 | Sewer    | Reached skill level 5 in Shields
  3090 | D:3      | Noticed a black bear
  3100 | D:3      | Killed a black bear
  3101 | D:3      | Reached XP level 6. HP: 40/56 MP: 5/5
  3699 | D:4      | Noticed Robin
  3718 | D:4      | Killed Robin
  3822 | D:4      | Reached skill level 7 in Armour
  3828 | D:4      | Reached XP level 7. HP: 29/62 MP: 6/6
  4076 | D:4      | Reached skill level 5 in Axes
  4529 | D:5      | Entered Level 5 of the Dungeon
  4538 | D:5      | Reached skill level 8 in Armour
  4600 | D:5      | Found a staircase to the Ecumenical Temple.
  4616 | D:5      | Noticed Ijyb
  4624 | D:5      | Killed Ijyb
  4637 | Temple   | Entered the Ecumenical Temple
  4814 | Temple   | Became a worshipper of Qazlal Stormbringer
  4886 | D:5      | Found Loetib's Distillery.
  4886 | D:5      | Found Ippesig's Antique Armour Shop.
  4891 | D:5      | Found Hihus's Magic Scroll Shop.
  4897 | D:5      | Reached skill level 9 in Armour
  4993 | D:5      | Found Deqim's General Store.
  5001 | D:5      | Reached XP level 8. HP: 70/71 MP: 7/7
  5032 | D:5      | Bought a shiny chain mail for 172 gold pieces
  5072 | D:5      | Noticed Grinder
  5080 | D:5      | Killed Grinder
  5081 | D:5      | Reached skill level 10 in Armour
  5432 | D:5      | Reached skill level 11 in Armour
  5730 | D:6      | Reached * piety under Qazlal
  5801 | D:6      | Found a glowing golden altar of the Shining One.
  5835 | D:6      | Reached skill level 12 in Armour
  5835 | D:6      | Reached XP level 9. HP: 79/79 MP: 8/8
  6040 | D:6      | Found a runed translucent gate.
  6041 | D:6      | Found a runed translucent gate.
  6041 | D:6      | Identified the +5 chain mail of Discretion {rPois Will+}
  6041 | D:6      | Noticed Ozzieoiler's ghost (novice DgIE)
  6042 | D:6      | Found a runed translucent gate.
  6390 | D:6      | HP: 6/121 [poisoned by Ozzieoiler's ghost]
  6393 | D:6      | HP: 2/121 [poisoned by Ozzieoiler's ghost]
  6393 | D:6      | Frozen to death by Ozzieoiler's ghost

Illustrated notes

Levels and vault maps discovered:
D:1:      psy_arrival_radial02, layout_basic,
          hellmonk_ecumenical_altar_crossroads
D:2:      layout_basic, amethyst_killhole, uniq_crazy_yiuf_cottage
D:3:      layout_loops_ring, gup_sewer_entry_pipe
D:4:      layout_cave_pools, uniq_robin
D:5:      layout_basic, minmay_temple_entry_overgrown, hangedman_decor_riveting,
          minmay_misc_feat_rows, dk_vineyard_2, minmay_shop_grid_forest,
          minmay_diced_spiral, uniq_ijyb, uniq_grinder
D:6:      layout_rooms, nicolae_overflow_crystal_walls,
          biasface_ghost_orc_armoury
Temple:   mainiacjoe_temple_trianglar_array

Skill      XL: |  1  2  3  4  5  6  7  8 |
---------------+-------------------------+-----
Armour         | 4 5 6 7 9 12 | 12.8
Shields        | 4 5 6 7 |  7.9
Fighting       | 4 5 6 7 |  7.9
Axes           | 3 4 5 7 |  7.3

Action                   |  1- 3 |  4- 6 |  7- 9 || total
-------------------------+-------+-------+-------++-------
Melee: War axe           |   103 |   121 |   180 ||   404
       Headbutt          |    14 |    22 |    32 ||    68
  Use: Scroll            |     6 |     3 |     8 ||    17
       Potion            |       |     2 |     2 ||     4
Armor: Chain mail        |    92 |    77 |   117 ||   286
       Skin              |       |       |     2 ||     2
Dodge: Dodged            |    39 |    60 |    65 ||   164
Block: Buckler           |    24 |    26 |    48 ||    98
